 Dungeon Crawl Stone Soup version 0.29-a0-23-ga79f92ac9c (webtiles) character file.

Game seed: 12272551619147252483

4 croobank the Sneak (level 1, 0/15 HPs)
             Began as a Naga Hedge Wizard on Jan 30, 2022.
             Slain by a jackal (3 damage)
             ... on level 1 of the Dungeon.
             The game lasted 00:00:48 (256 turns).

croobank the Sneak (Naga Hedge Wizard)               Turns: 256, Time: 00:00:51

Health: 0/15       AC:  1    Str: 12    XL:     1   Next: 60%
Magic:  3/4        EV:  9    Int: 14    God:
Gold:   30         SH:  0    Dex: 10    Spells: 4/6 levels left

rFire   . . .      SeeInvis +   e - +0 great mace
rCold   . . .      Faith    .   (shield currently unavailable)
rNeg    . . .      Spirit   .   b - +0 robe
rPois   +          Reflect  .   c - +0 hat
rElec   .          Harm     .   (no cloak)
rCorr   .          Rampage  .   (no gloves)
Will    .....                   (no barding)
Stlth   ++........              (no amulet)
HPRegen 0.05/turn               (no ring)
MPRegen 0.09/turn               (no ring)

@: very slightly contaminated, very slow
A: AC +0, large, see invisible, deformed body, poison resistance, slowness 2,
spit poison 1, naga tail 1
a: Spit Poison


You were on level 1 of the Dungeon.
You visited 1 branch of the dungeon, and saw 1 of its levels.

You collected 30 gold pieces.

Inventory:

Hand Weapons
 a - a +0 dagger
 e - a +0 great mace (weapon)
Armour
 b - a +0 robe (worn)
 c - a +0 hat (worn)
Potions
 d - a potion of might {unknown}


   Skills:
 + Level 1.6 Dodging
 + Level 3.1 Stealth
 + Level 3.0 Spellcasting
 + Level 1.1 Conjurations
 + Level 1.1 Summonings
 + Level 1.1 Translocations


You had 4 spell levels left.
You knew the following spells:

 Your Spells              Type           Power      Damage    Failure   Level
a - Magic Dart            Conj           20%        1d4       14%         1
b - Slow                  Hex            8%         N/A       22%         1

Your spell library contained the following spells:

 Spells                   Type           Power      Damage    Failure   Level
 Blink                    Tloc           10%        N/A       21%         2
 Call Imp                 Summ           5%         N/A       21%         2
 Conjure Flame            Conj/Fire      3%         6-21      45%         3
 Mephitic Cloud           Conj/Pois/Air  3%         N/A       50%         3


Dungeon Overview and Level Annotations

Branches:
Dungeon (1/15)

Altars:


Innate Abilities, Weirdness & Mutations

Your serpentine skin is tough. (AC +0)
You have supernaturally acute eyesight. (SInv)
Armour fits poorly on your strangely shaped body.
Your system is resistant to poisons. (rPois)
You cover ground very slowly.
You can spit poison.
You have a snake-like lower body.


Message History

The rat bites you. x2
You barely miss the rat. The rat closely misses you.
You hit the rat.
You kill the rat!
You start resting.
HP restored.
You see here a +0 great mace.
Okay, then.
e - a +0 great mace
e - a +0 great mace (weapon)
A jackal comes into view.
A jackal comes into view.
A jackal comes into view.
The jackal barks! x3
You hit the jackal but do no damage. The jackal barely misses you.
The jackal closely misses you. The jackal barely misses you.
You sock the jackal!
You kill the jackal!
The jackal bites you. The jackal misses you.
You closely miss the jackal. The jackal bites you.
The jackal closely misses you.
You closely miss the jackal. The jackal bites you. x3
You closely miss the jackal. The jackal closely misses you. x2
You closely miss the jackal. The jackal bites you.
The jackal barely misses you. The jackal bites you.
* * * LOW HITPOINT WARNING * * *
Casting: Magic Dart (safe; 14% risk of failure)
Confirm with . or Enter, or press ? or * to list all spells.
Okay, then.
The jackal barely misses you.
Casting: Magic Dart (safe; 14% risk of failure)
Confirm with . or Enter, or press ? or * to list all spells.
Aiming: Slow (safe; 22% risk of failure)
Press: ? - help, Shift-Dir - straight line, f - jackal
Aim: a jackal (chance to affect: 53%)
You miscast Slow.
You are very lightly contaminated with residual magic.
Nothing appears to happen.
The jackal bites you.
You die...

#.########..
#####..........#
....#..######..#
###....######..#####
#.....##.........#
#........##..###.#
###..######..# #.#
#..######†.###.###.#
#...........@hh....#
#+############.#####
#.# #.# ... .#.#. +
....#.# # .. #.# #
##. ...


You could see 2 jackals.

Vanquished Creatures
  A jackal (D:1)
  A quokka (D:1)
  A frilled lizard (D:1)
  A rat (D:1)
4 creatures vanquished.

Notes
Turn   | Place    | Note
-------+----------+-------------------------------------------
     0 | D:1      | croobank the Naga Hedge Wizard began the quest for the Orb.
     0 | D:1      | Reached XP level 1. HP: 15/15 MP: 4/4
    30 | D:1      | Learned a level 1 spell: Slow
   256 | D:1      | Slain by a jackal

Illustrated notes

Levels and vault maps discovered:
D:1:      zelgadis_glass_arrival_small, layout_loops_corners

Action                   || total
-------------------------++-------
Melee: Great mace        ||     6
       Dagger            ||     3
 Cast: Magic Dart        ||     2
Dodge: Dodged            ||    10

Table legend: (Time is in decaauts)
 A = Elapsed time spent in this place.
 B = Non-inter-level travel time spent in this place.
 C = Inter-level travel time spent in this place.
 D = Time resting spent in this place.
 E = Time spent auto-exploring this place.
 F = Levels seen in this place.
 G = Mean time per level.
                   A        B        C        D        E       F      G
               +--------+--------+--------+--------+--------+-----+--------+
         Total |    304 |    304 |      0 |    117 |    134 |   1 |  304.0 |
       Dungeon |    304 |    304 |      0 |    117 |    134 |   1 |  304.0 |
               +--------+--------+--------+--------+--------+-----+--------+

Top non-repeatable levels by time:
     D:1: 304 daAuts
